 Dungeon Crawl Stone Soup version 0.22.0-40-g68aacdc (webtiles) character file.

242 jerryfan the Skirmisher (level 5, 0/41 HPs)
             Began as a Demonspawn Fighter on Sept 2, 2018.
             Killed from afar by an orc wizard (7 damage)
             ... with a magic dart
             ... on level 3 of the Dungeon.
             The game lasted 00:05:32 (2249 turns).

jerryfan the Skirmisher (Demonspawn Fighter)        Turns: 2249, Time: 00:05:32

Health: 0/41       AC:  8    Str: 17    XL:     5   Next: 82%
Magic:  0/5        EV:  9    Int: 10    God:
Gold:   91         SH: 10    Dex: 12    Spells: 4/4 levels left

rFire    . . .     SeeInvis .   a - +0 war axe
rCold    . . .     Gourm    .   c - +1 shield
rNeg     . . .     Faith    .   b - +0 scale mail
rPois    .         Spirit   +   (no helmet)
rElec    .         Reflect  .   g - +0 cloak
rCorr    .         Harm     .   (no gloves)
MR       .....                  (no boots)
Stlth    ..........             m - amulet of regeneration
HPRegen  0.53/turn              l - ring of flight
MPRegen  0.18/turn              (no ring)

@: lethally poisoned (0 -> 0), hasted, very quick
A: repulsion field 1, evolution 1, magic shield, magic regeneration, MP-powered
wands
a: Evoke Flight


You were on level 3 of the Dungeon.
You were hungry.

You visited 1 branch of the dungeon, and saw 3 of its levels.

You collected 91 gold pieces.

Inventory:

Hand Weapons
 a - a +0 war axe (weapon)
Missiles
 d - 36 poisoned needles
Armour
 b - a +0 scale mail (worn)
 c - a +1 shield (worn)
 g - a +0 cloak (worn)
Jewellery
 l - a ring of flight (left hand)
 m - an amulet of regeneration (around neck)
Scrolls
 h - a scroll of enchant armour
 i - a scroll of magic mapping
 n - 4 scrolls of identify
Potions
 j - a potion of haste
 k - 2 potions of brilliance
Comestibles
 f - 4 rations


   Skills:
 + Level 3.6 Fighting
 * Level 3.3 Axes
 + Level 1.9 Throwing
 + Level 3.3 Armour
 + Level 1.5 Dodging
 + Level 3.3 Shields


You had 4 spell levels left.
You didn't know any spells.
Your spell library was empty.

Dungeon Overview and Level Annotations

Branches:
Dungeon (3/15)

Altars:


Innate Abilities, Weirdness & Mutations

You are surrounded by a mild repulsion field. (EV +2)
When hurt, damage is shared between your health and your magic reserves.
You regenerate magic rapidly.
You evolve.
You expend magic power (3 MP) to strengthen your wands.


Message History

You hit the orc wizard but do no damage.
You feel sick.
The orc wizard gestures at you while chanting.
The magic dart hits you!
* * * LOW HITPOINT WARNING * * *
The orc priest miscasts a cantrip.
You hit the orc priest but do no damage.
You miss the orc wizard. The orc wizard hits you with a dagger.
* * * LOW HITPOINT WARNING * * *
You block the orc wizard's attack.
The orc priest hits you with a falchion of flaming.
* * * LOW HITPOINT WARNING * * *
The orc priest burns you.
* * * LOW HITPOINT WARNING * * *
You hit the orc priest.
The orc priest is heavily wounded.
You barely miss the orc wizard.
The orc wizard points at you and mumbles some strange words.
The magic dart hits you!
You die...

#.# #. #.# #..
#.# ... #.#
##o### #.#
..... #.# o..
#.# ##o##.#
#####...#@#
......#.oo#####
#####...#o....#
##.##.....+
#.##.....#
#.##.....####
#.#..........
##.##.#######.
...#####...#.#


You could see an orc priest, an orc wizard and an orc.

Vanquished Creatures
  Sigmund (D:2)
  2 adders
  An ooze (D:3)
  A worm (D:3)
  2 dart slugs (D:2)
  2 leopard geckos (D:1)
  4 orcs (D:3)
  5 goblins
  5 hobgoblins
  4 jackals (D:3)
  A ball python (D:1)
  3 bats
  2 frilled lizards (D:2)
  5 kobolds
  4 rats
  A plant (D:1)
43 creatures vanquished.

Notes
Turn   | Place    | Note
-------+----------+-------------------------------------------
     0 | D:1      | jerryfan the Demonspawn Fighter began the quest for the Orb.
     0 | D:1      | Reached XP level 1. HP: 18/18 MP: 1/1
   596 | D:1      | Gained mutation: When hurt, damage is shared between your health and your magic reserves. [demonic ancestry]
   596 | D:1      | Reached XP level 2. HP: 18/24 MP: 2/2
  1160 | D:2      | Gained mutation: You are surrounded by a mild repulsion field. (EV +2) [demonic ancestry]
  1160 | D:2      | Reached XP level 3. HP: 24/29 MP: 3/3
  1678 | D:2      | Noticed Sigmund
  1696 | D:2      | Killed Sigmund
  1696 | D:2      | Reached skill level 1 in Throwing
  1696 | D:2      | Reached skill level 1 in Dodging
  1696 | D:2      | Gained mutation: You regenerate magic rapidly. [demonic ancestry]
  1696 | D:2      | Reached XP level 4. HP: 16/35 MP: 2/4
  1696 | D:2      | Reached XP level 5. HP: 19/41 MP: 2/5
  1852 | D:2      | Gained mutation: You expend magic power (3 MP) to strengthen your wands. [potion of mutation]
  1852 | D:2      | Gained mutation: You evolve. [potion of mutation]
  2249 | D:3      | Killed from afar by an orc wizard

Skill      XL: |  1  2  3 |
---------------+----------+-----
Axes           | 2 3 |  3.3
Throwing       | 1 |  1.9
Armour         | 3 |  3.3
Dodging        | 1 |  1.5
Shields        | 3 |  3.3
Fighting       | |  3.6

Action                   |  1- 3 |  4- 6 || total
-------------------------+-------+-------++-------
Melee: War axe           |   105 |    74 ||   179
  Use: Scroll            |     5 |     1 ||     6
       Potion            |     1 |     5 ||     6
  Eat: Chunk             |     2 |     2 ||     4
Armor: Scale mail        |    37 |    24 ||    61
Dodge: Dodged            |    22 |    20 ||    42
Block: Shield            |    35 |    30 ||    65
